 Dungeon Crawl Stone Soup version 0.26.1-11-gd32895ea62 (webtiles) character file.

Game seed: 13669204467242329825

466 Descartes the Ducker (level 6, -4/25 HPs)
             Began as a Felid Transmuter on May 29, 2021.
             Slain by Menkaure (19 damage)
             ... on level 4 of the Dungeon.
             The game lasted 00:07:52 (4920 turns).

Descartes the Ducker (Felid Transmuter)             Turns: 4920, Time: 00:07:53

Health: -4/25      AC:  2    Str: 14    XL:     6   Next: 81%
Magic:  11/12      EV: 20    Int: 15    God:
Gold:   140        SH:  0    Dex: 16    Spells: 4/12 levels left
                                        Lives:  0   Deaths: 1

rFire    . . .     SeeInvis +     - Unarmed
rCold    . . .     Faith    .   (shield unavailable)
rNeg     + . .     Spirit   .   (armour unavailable)
rPois    .         Reflect  .   (helmet unavailable)
rElec    .         Harm     .   (cloak unavailable)
rCorr    .         Rampage  .   (gloves unavailable)
Will     .....                  (boots unavailable)
Stlth    +++.......             (no amulet)
HPRegen  0.08/turn              k - +6 ring of strength
MPRegen  0.13/turn              s - ring of positive energy

@: appendages, quick
A: very small, no armour, no weapons or thrown items, stealth, claws 1, fangs 3,
horns 2, see invisible, speed 1, shaggy fur 2, sharp paws
a: End Transformation


You were on level 4 of the Dungeon.
You had grown temporary horns.
You visited 1 branch of the dungeon, and saw 4 of its levels.

You collected 140 gold pieces.

Inventory:

Jewellery
 k - a +6 ring of strength (left paw)
 s - a ring of positive energy (right paw)
Wands
 p - a wand of acid (12)
Scrolls
 c - a scroll of immolation {unknown}
 e - a scroll of blinking {unknown}
 f - 2 scrolls of identify {unknown}
 g - 2 scrolls of enchant armour {unknown}
 h - a scroll of random uselessness {unknown}
 i - 2 scrolls of remove curse {unknown}
 n - a scroll of fear {unknown}
 q - 3 scrolls of amnesia {unknown}
Potions
 a - a potion of resistance {unknown}
 b - 2 potions of curing
 d - 2 potions of brilliance {unknown}
 j - 3 potions of flight {unknown}
 l - a potion of heal wounds {unknown}
 m - a potion of degeneration {unknown}
 o - 2 potions of might {unknown}
 r - 3 potions of attraction {unknown}
 t - 2 potions of cancellation {unknown}


   Skills:
 - Level 1.0 Fighting
 + Level 5.0 Dodging
 + Level 4.3 Stealth
 + Level 4.3 Unarmed Combat
 + Level 3.5 Spellcasting
 + Level 4.2 Transmutations
 + Level 1.0 Evocations


You had 4 spell levels left.
You knew the following spells:

 Your Spells              Type           Power        Failure   Level
a - Beastly Appendage     Tmut           30%          3%          1
b - Wereblood             Tmut           15%          4%          2
c - Blade Hands           Tmut           7%           67%         5

Your spell library contained the following spells:

 Spells                   Type           Power        Failure   Level
 Spider Form              Tmut/Pois      4%           24%         3
 Ice Form                 Ice/Tmut       9%           61%         4


Dungeon Overview and Level Annotations

Branches:
Dungeon (4/15)
 Temple: D:4-7

Altars:

Annotations:
D:3 1 runed translucent door, danmikkh's ghost, amateur SpEn
D:4 Dowan; Duvessa; Menkaure


Innate Abilities, Weirdness & Mutations

You cannot wear armour.
You are incapable of wielding weapons or throwing items.
Your paws allow you to move quietly. (Stealth)
You have sharp claws.
You have razor-sharp teeth.
You have supernaturally acute eyesight. (SInv)
You cover ground quickly.
You are covered in thick fur. (AC +2)
Your sharp claws are effective at attacking unaware monsters.
You have a pair of horns on your head.


Message History

No target in view!
No target in view!
Magic restored.
You see here a ball python corpse.
Your transformation is almost over.
Menkaure is nearby!
Casting: Beastly Appendage (safe; 3% risk of failure)
Confirm with . or Enter, or press ? or * to list all spells.
You extend your transformation's duration.
Menkaure shouts!
Menkaure mumbles some strange words.
Menkaure seems to speed up.
You scratch Menkaure.
Menkaure is moderately damaged.
Menkaure hits you!
You completely miss Menkaure.
Menkaure is moderately damaged.
Menkaure hits you!!
Ouch! That really hurt!
You die...

###. ......
....#.<. ...
..... #### ####
. #.. ......#
..##..##......#
.....M.........#
...............#
.........#.....#
..... ##M.....#
....?.#@...#####
......#.....#..#
#............#
#...........[#
###..........#
#..........#
###.....#..#
#.....#..#
###....##..#


You could see Menkaure (fast).

Vanquished Creatures
  Eustachio (D:4)
  A necrophage (D:3)
  A scorpion (D:4)
  An orc priest (D:3)
  An orc wizard (D:3)
  An iguana (D:4)
  A worker ant (D:4)
  4 adders (D:2)
  2 oozes
  An adder skeleton (D:3)
  4 worms
  A dart slug (D:1)
  A leopard gecko (D:4)
  9 orcs
  A ball python (D:4)
  6 giant cockroaches
  5 goblins
  6 hobgoblins
  8 jackals
  7 kobolds
  A quokka (D:2)
  10 bats
  2 frilled lizards
  5 rats
80 creatures vanquished.

Vanquished Creatures (others)
  3 plants (D:3)
3 creatures vanquished.

Grand Total: 83 creatures vanquished

Notes
Turn   | Place    | Note
-------+----------+-------------------------------------------
     0 | D:1      | Descartes the Felid Transmuter began the quest for the Orb.
     0 | D:1      | Reached XP level 1. HP: 9/9 MP: 4/4
   167 | D:1      | Reached XP level 2. HP: 5/12 MP: 4/6
   171 | D:1      | Reached skill level 1 in Stealth
   365 | D:1      | Reached skill level 3 in Dodging
  1008 | D:2      | Reached XP level 3. HP: 15/15 MP: 5/7
  1587 | D:2      | Reached XP level 4. HP: 8/19 MP: 6/8
  2580 | D:3      | Learned a level 2 spell: Wereblood
  2584 | D:3      | Found a faded altar of an unknown god.
  2694 | D:3      | Slain by an orc
  2695 | D:3      | Reached XP level 3. HP: -1/15 MP: 8/8
  2712 | D:3      | Found a runed translucent door.
  2712 | D:3      | Noticed danmikkh's ghost (amateur SpEn)
  3150 | D:3      | Noticed a necrophage
  3163 | D:3      | Killed a necrophage
  3164 | D:3      | Reached skill level 4 in Dodging
  3164 | D:3      | Reached XP level 4. HP: 11/19 MP: 9/9
  3164 | D:3      | Reached XP level 5. HP: 13/22 MP: 10/10
  4234 | D:4      | Noticed Menkaure
  4272 | D:4      | Noticed Eustachio
  4292 | D:4      | Gained mutation: You are covered in thick fur. (AC +2)
                  | [Felid growth]
  4292 | D:4      | Reached XP level 6. HP: 25/25 MP: 11/11
  4312 | D:4      | Learned a level 5 spell: Blade Hands
  4559 | D:4      | Noticed Duvessa
  4562 | D:4      | Noticed Dowan
  4571 | D:4      | HP: 1/25 [Duvessa/+0 rapier (12)]
  4886 | D:4      | Killed Eustachio
  4887 | D:4      | Reached skill level 1 in Evocations
  4899 | D:4      | Reached skill level 5 in Dodging
  4920 | D:4      | Slain by Menkaure

Illustrated notes

Levels and vault maps discovered:
D:1:      wander_arrival_fairy_ring, layout_rooms
D:2:      layout_basic, minmay_increasing_density
D:3:      layout_loops_corners, chequers_ecumenical_altar_lobes,
          gammafunk_ghost_grave, hangedman_feature_mirror
D:4:      layout_cave_pools, lemuel_temple_firewalk_a, serial_shops,
          kennysheep_mini, minmay_quantized, uniq_duvessa, uniq_menkaure,
          uniq_pikel, uniq_eustachio

Skill      XL: |  1  2  3  4  5  6 |
---------------+-------------------+-----
Stealth        | 1 3 4 |  4.3
Dodging        | 3 4 5 |  5.0
Transmutations | 3 4 |  4.2
Spellcasting   | 3 |  3.5
Unarmed Combat | 4 |  4.3
Evocations     | 1 |  1.0
Fighting       | |  1.0

Action                   |  1- 3 |  4- 6 || total
-------------------------+-------+-------++-------
Melee: Unarmed           |   136 |    97 ||   233
       Headbutt          |    17 |    26 ||    43
       Bite              |     9 |    10 ||    19
       Punch             |     2 |     1 ||     3
 Cast: Beastly Appendage |    29 |    22 ||    51
  Use: Potion            |     1 |       ||     1
 Stab: Sleeping          |     4 |    11 ||    15
Armor: Skin              |     8 |     6 ||    14
Dodge: Dodged            |   121 |    68 ||   189
